[ PARTIDA AOE2 · #505240065 ]
UnrankedWu vs Britons
Equipo del jugador · DERR
Equipo rival · VICT
[ ANÁLISIS DE REPETICIÓN · EXTRAÍDO DE LA PARTIDA GRABADA ]
Feudal
11:22
Castillos
22:50
Imperial
43:35
| APM promedio | 72.3 |
| APM pico | 120 |
| eAPM promedio | 32.4 |
| Aldeanos / militares | 181 / 390 |
Foco
⚔️ 48.4% · 🌾 51.6%
Skirmisher ×349 · Unknown (1974) ×107 · Unknown (1968) ×79 · Cavalry Archer ×16 · Unknown (1942) ×11 · Militia ×9
Feudal
11:21
Castillos
22:11
Imperial
44:55
| APM promedio | 57.0 |
| APM pico | 86 |
| eAPM promedio | 32.5 |
| Aldeanos / militares | 211 / 417 |
Foco
⚔️ 52.7% · 🌾 47.3%
Militia ×196 · Longbowman ×128 · Skirmisher ×56 · Trebuchet (Packed) ×16 · Monk ×10 · Archer ×6
Mapa de la partida
Recursos iniciales + cada clic de construcción. Líneas = muros · curvas = relieve. ◆ oro · ⬟ piedra · ● bayas · ✦ reliquia · ◌ hueco del cierre
Tu base· Abierta — flanco sin cerrar
Base de T90Official· ✓ Cerrada en 22:11 · 29t muro · 1 puerta(s)
Terreno inicial suavizado · ◌ = hueco del cierre detectado · pasá el cursor para detalles
Inputs por minuto
— DK | Good_luck - - T90Official
Build order — DK | Good_luck
Primeras 150 de 812 acciones detectadas
| 0:00 | Crear | Villager (Male) |
| 0:01 | Construir | House |
| 0:02 | Construir | House |
| 0:08 | Crear | Villager (Male) |
| 0:09 | Crear | Villager (Male) |
| 0:13 | Crear | Villager (Male) |
| 0:13 | Crear | Villager (Male) |
| 1:11 | Crear | Villager (Male) |
| 1:41 | Crear | Villager (Male) |
| 2:16 | Crear | Villager (Male) |
| 2:31 | Crear | Villager (Male) |
| 2:48 | Construir | Barracks |
| 3:12 | Crear | Villager (Male) |
| 3:17 | Construir | House |
| 3:31 | Crear | Villager (Male) |
| 3:38 | Crear | Militia |
| 3:39 | Crear | Militia |
| 3:43 | Crear | Villager (Male) |
| 3:46 | Crear | Militia |
| 3:56 | Construir | House |
| 4:02 | Crear | Villager (Male) |
| 4:34 | Crear | Villager (Male) |
| 4:55 | Crear | Villager (Male) |
| 5:25 | Crear | Villager (Male) |
| 5:51 | Crear | Villager (Male) |
| 6:16 | Crear | Villager (Male) |
| 6:35 | Construir | House |
| 6:39 | Crear | Villager (Male) |
| 6:44 | Construir | Mill |
| 7:02 | Investigar | Loom |
| 7:07 | Crear | Villager (Male) |
| 7:13 | Crear | Villager (Male) |
| 7:37 | Construir | Lumber Camp |
| 8:04 | Crear | Villager (Male) |
| 8:35 | Crear | Villager (Male) |
| 8:41 | Construir | House |
| 8:52 | Construir | Mining Camp |
| 9:07 | Investigar | Feudal Age |
| 9:53 | Crear | Militia |
| 10:00 | Construir | Mill |
| 10:17 | Crear | Militia |
| 10:34 | Construir | Farm |
| 10:35 | Construir | Farm |
| 10:43 | Crear | Villager (Male) |
| 11:08 | Crear | Militia |
| 11:10 | Crear | Villager (Male) |
| 11:22 | Edad | Edad Feudal |
| 11:31 | Construir | Archery Range |
| 11:42 | Construir | House |
| 11:45 | Investigar | Man-at-Arms (upgrade) |
| 11:49 | Construir | Palisade Wall |
| 11:55 | Construir | Palisade Wall |
| 11:56 | Crear | Villager (Male) |
| 12:03 | Construir | House |
| 12:13 | Crear | Militia |
| 12:23 | Construir | Farm |
| 12:28 | Crear | Skirmisher |
| 12:31 | Crear | Villager (Male) |
| 12:36 | Construir | Farm |
| 12:55 | Construir | House |
| 13:01 | Crear | Skirmisher |
| 13:04 | Crear | Villager (Male) |
| 13:05 | Construir | Farm |
| 13:30 | Crear | Archer |
| 13:32 | Crear | Villager (Male) |
| 13:34 | Construir | Farm |
| 13:49 | Crear | Skirmisher |
| 13:50 | Crear | Villager (Male) |
| 13:52 | Construir | Farm |
| 13:54 | Construir | Farm |
| 14:08 | Construir | House |
| 14:11 | Investigar | Double-Bit Axe |
| 14:13 | Crear | Skirmisher |
| 14:26 | Construir | House |
| 14:30 | Crear | Skirmisher |
| 14:57 | Crear | Villager (Male) |
| 14:58 | Construir | Farm |
| 15:00 | Construir | Blacksmith |
| 15:11 | Crear | Skirmisher |
| 15:12 | Crear | Villager (Male) |
| 15:17 | Crear | Militia |
| 15:24 | Construir | Farm |
| 15:26 | Construir | House |
| 15:31 | Crear | Villager (Male) |
| 15:38 | Crear | Skirmisher |
| 15:52 | Construir | Farm |
| 16:02 | Investigar | Fletching |
| 16:06 | Crear | Skirmisher |
| 16:08 | Crear | Villager (Male) |
| 16:18 | Construir | Farm |
| 16:22 | Crear | Villager (Male) |
| 16:24 | Construir | Farm |
| 16:31 | Crear | Militia |
| 16:43 | Construir | Farm |
| 16:49 | Crear | Skirmisher |
| 16:57 | Crear | Skirmisher |
| 16:58 | Crear | Villager (Male) |
| 17:04 | Investigar | Padded Archer Armor |
| 17:26 | Crear | Skirmisher |
| 17:27 | Crear | Villager (Male) |
| 17:46 | Crear | Villager (Male) |
| 17:48 | Crear | Villager (Male) |
| 18:01 | Crear | Skirmisher |
| 18:08 | Crear | Villager (Male) |
| 18:19 | Crear | Villager (Male) |
| 18:28 | Crear | Skirmisher |
| 18:44 | Crear | Villager (Male) |
| 18:57 | Construir | Market |
| 19:02 | Construir | Archery Range |
| 20:10 | Investigar | Castle Age |
| 20:31 | Crear | Skirmisher |
| 20:43 | Crear | Skirmisher |
| 20:44 | Crear | Skirmisher |
| 20:45 | Investigar | Horse Collar |
| 20:46 | Construir | Farm |
| 20:48 | Construir | Farm |
| 20:57 | Investigar | Scale Mail Armor |
| 21:04 | Construir | Lumber Camp |
| 21:14 | Crear | Skirmisher |
| 21:26 | Construir | Farm |
| 21:39 | Construir | Lumber Camp |
| 21:41 | Crear | Spearman |
| 21:41 | Crear | Spearman |
| 21:46 | Crear | Skirmisher |
| 21:50 | Crear | Skirmisher |
| 22:03 | Construir | Farm |
| 22:17 | Construir | Farm |
| 22:25 | Investigar | Town Watch |
| 22:25 | Investigar | Wheelbarrow |
| 22:40 | Construir | House |
| 22:50 | Edad | Edad de los Castillos |
| 22:54 | Crear | Unit 1974 |
| 22:58 | Investigar | Bodkin Arrow |
| 22:58 | Investigar | Bodkin Arrow |
| 23:08 | Investigar | Elite Skirmisher (upgrade) |
| 23:10 | Crear | Villager (Male) |
| 23:12 | Construir | Farm |
| 23:15 | Crear | Unit 1974 |
| 23:34 | Crear | Villager (Male) |
| 23:40 | Construir | Farm |
| 23:41 | Construir | Farm |
| 23:45 | Crear | Skirmisher |
| 23:46 | Crear | Skirmisher |
| 23:48 | Crear | Unit 1974 |
| 23:58 | Crear | Villager (Male) |
| 24:13 | Construir | Farm |
| 24:13 | Construir | Farm |
| 24:14 | Construir | Farm |
| 24:17 | Crear | Skirmisher |
| 24:17 | Crear | Skirmisher |
Build order — T90Official
Primeras 150 de 690 acciones detectadas
| 0:00 | Crear | Villager (Male) ×4 |
| 0:01 | Construir | House |
| 0:02 | Construir | House |
| 1:19 | Crear | Villager (Male) |
| 1:29 | Construir | Lumber Camp |
| 1:44 | Crear | Villager (Male) |
| 2:06 | Crear | Villager (Male) |
| 2:28 | Crear | Villager (Male) |
| 2:48 | Crear | Villager (Male) |
| 3:00 | Construir | House |
| 3:15 | Crear | Villager (Male) |
| 3:43 | Crear | Villager (Male) |
| 4:09 | Construir | Barracks |
| 4:18 | Crear | Villager (Male) |
| 4:30 | Construir | House |
| 4:41 | Construir | Palisade Wall |
| 4:55 | Crear | Villager (Male) |
| 5:05 | Crear | Militia |
| 5:17 | Crear | Villager (Male) |
| 5:41 | Crear | Militia |
| 5:41 | Crear | Militia |
| 5:46 | Crear | Villager (Male) |
| 6:11 | Crear | Militia |
| 6:21 | Crear | Villager (Male) |
| 6:30 | Crear | Villager (Male) |
| 6:32 | Construir | Mill |
| 7:05 | Construir | House |
| 7:09 | Crear | Villager (Male) |
| 7:22 | Crear | Villager (Male) |
| 7:40 | Construir | Mining Camp |
| 7:54 | Crear | Villager (Male) |
| 8:06 | Construir | House |
| 8:37 | Construir | Palisade Wall |
| 8:43 | Investigar | Feudal Age |
| 8:46 | Investigar | Loom |
| 8:46 | Investigar | Feudal Age |
| 9:02 | Construir | Farm |
| 9:29 | Crear | Villager (Male) |
| 9:31 | Construir | Farm |
| 9:43 | Construir | Farm |
| 9:46 | Construir | Farm |
| 9:50 | Crear | Militia |
| 10:00 | Construir | Farm |
| 10:22 | Crear | Militia |
| 10:26 | Construir | Farm |
| 10:31 | Construir | Farm |
| 10:36 | Construir | House |
| 10:50 | Construir | House |
| 11:21 | Edad | Edad Feudal |
| 11:22 | Investigar | Man-at-Arms (upgrade) |
| 11:23 | Investigar | Double-Bit Axe |
| 11:32 | Crear | Villager (Male) |
| 11:36 | Construir | Palisade Wall |
| 11:58 | Construir | Archery Range |
| 12:04 | Crear | Villager (Male) |
| 12:24 | Construir | Palisade Wall |
| 12:26 | Construir | Palisade Wall |
| 12:29 | Construir | Palisade Wall |
| 12:30 | Construir | Palisade Wall |
| 12:34 | Crear | Villager (Male) |
| 12:37 | Crear | Villager (Male) |
| 12:41 | Crear | Archer |
| 12:42 | Construir | House |
| 12:49 | Crear | Villager (Male) |
| 12:58 | Construir | House |
| 13:06 | Crear | Archer |
| 13:08 | Crear | Villager (Male) |
| 13:14 | Construir | Blacksmith |
| 13:26 | Crear | Villager (Male) |
| 13:28 | Construir | House |
| 13:45 | Crear | Villager (Male) |
| 13:53 | Construir | Farm |
| 13:54 | Crear | Skirmisher |
| 14:02 | Construir | Farm |
| 14:04 | Construir | House |
| 14:06 | Investigar | Fletching |
| 14:13 | Crear | Villager (Male) |
| 14:22 | Construir | Farm |
| 14:24 | Crear | Skirmisher |
| 14:25 | Crear | Skirmisher |
| 14:43 | Crear | Archer |
| 14:43 | Crear | Villager (Male) |
| 14:51 | Construir | Farm |
| 14:52 | Crear | Archer |
| 15:13 | Construir | Farm |
| 15:33 | Crear | Villager (Male) |
| 15:35 | Crear | Skirmisher |
| 15:46 | Construir | Archery Range |
| 15:47 | Crear | Villager (Male) |
| 15:56 | Construir | House |
| 16:14 | Construir | Farm |
| 16:19 | Crear | Skirmisher |
| 16:31 | Construir | Palisade Wall |
| 16:33 | Crear | Skirmisher |
| 16:41 | Crear | Skirmisher |
| 16:42 | Crear | Villager (Male) |
| 16:51 | Construir | Farm |
| 17:05 | Construir | Farm |
| 17:11 | Crear | Villager (Male) |
| 17:13 | Crear | Skirmisher |
| 17:13 | Crear | Skirmisher |
| 17:26 | Crear | Villager (Male) |
| 17:37 | Crear | Skirmisher |
| 17:38 | Construir | Farm |
| 17:46 | Construir | Farm |
| 17:48 | Crear | Skirmisher |
| 17:55 | Crear | Villager (Male) |
| 18:14 | Construir | Lumber Camp |
| 18:17 | Crear | Skirmisher |
| 18:28 | Construir | Farm |
| 18:38 | Crear | Villager (Male) |
| 18:45 | Construir | Farm |
| 18:55 | Construir | Farm |
| 19:03 | Crear | Villager (Male) |
| 19:05 | Construir | Farm |
| 19:31 | Investigar | Castle Age |
| 19:32 | Crear | Archer |
| 19:32 | Crear | Archer |
| 19:47 | Crear | Skirmisher |
| 19:47 | Crear | Skirmisher |
| 19:59 | Crear | Skirmisher |
| 19:59 | Crear | Skirmisher |
| 20:08 | Crear | Skirmisher |
| 20:08 | Crear | Skirmisher |
| 20:13 | Construir | House |
| 20:18 | Crear | Skirmisher |
| 20:18 | Crear | Skirmisher |
| 20:22 | Construir | Farm |
| 20:42 | Crear | Skirmisher |
| 20:42 | Crear | Skirmisher |
| 20:42 | Crear | Skirmisher |
| 20:53 | Crear | Villager (Male) |
| 21:15 | Investigar | Horse Collar |
| 21:15 | Investigar | Horse Collar |
| 21:19 | Construir | House |
| 21:19 | Construir | House |
| 21:27 | Construir | Palisade Gate |
| 21:28 | Construir | Farm |
| 22:11 | Edad | Edad de los Castillos |
| 22:14 | Investigar | Bow Saw |
| 22:17 | Investigar | Bodkin Arrow |
| 22:18 | Investigar | Bodkin Arrow |
| 22:26 | Investigar | Elite Skirmisher (upgrade) |
| 22:26 | Investigar | Elite Skirmisher (upgrade) |
| 22:27 | Crear | Villager (Male) |
| 23:01 | Construir | Town Center |
| 23:11 | Crear | Villager (Male) |
| 23:12 | Investigar | Long Swordsman (upgrade) |
| 23:15 | Crear | Skirmisher |
| 23:15 | Crear | Skirmisher |
Cronología de la partida
| 2:48 | DK | Good_luck · first_building Barracks |
| 4:09 | T90Official · first_building Barracks |
| 4:41 | T90Official · wall_segment Palisade Wall x2 |
| 8:37 | T90Official · wall_segment Palisade Wall x1 |
| 11:21 | T90Official · age_up feudal |
| 11:22 | DK | Good_luck · age_up feudal |
| 11:31 | DK | Good_luck · first_building Archery Range |
| 11:36 | T90Official · wall_segment Palisade Wall x13 |
| 11:49 | DK | Good_luck · wall_segment Palisade Wall x4 |
| 11:55 | DK | Good_luck · wall_segment Palisade Wall x1 |
| 11:58 | T90Official · first_building Archery Range |
| 12:24 | T90Official · wall_segment Palisade Wall x8 |
| 12:26 | T90Official · wall_segment Palisade Wall x1 |
| 12:29 | T90Official · wall_segment Palisade Wall x1 |
| 12:30 | T90Official · wall_segment Palisade Wall x2 |
| 16:31 | T90Official · wall_segment Palisade Wall x1 |
| 19:35 | DK | Good_luck · first_market_sell 100 wood |
| 19:36 | DK | Good_luck · first_market_buy 100 food |
| 22:11 | T90Official · age_up castle |
| 22:50 | DK | Good_luck · age_up castle |
| 24:11 | T90Official · first_building Monastery |
| 26:49 | T90Official · first_building Siege Workshop |
| 28:24 | T90Official · first_market_buy 100 food |
| 28:29 | DK | Good_luck · first_building Siege Workshop |
| 30:43 | T90Official · wall_segment Stone Wall x1 |
| 31:00 | T90Official · first_market_sell 500 wood |
| 31:12 | T90Official · first_building Castle |
| 31:30 | T90Official · wall_segment Palisade Wall x1 |
| 31:41 | T90Official · wall_segment Palisade Wall x1 |
| 32:57 | DK | Good_luck · first_building Monastery |
| 35:18 | T90Official · wall_segment Palisade Wall x1 |
| 40:42 | DK | Good_luck · first_building Castle |
| 43:35 | DK | Good_luck · age_up imperial |
| 44:55 | T90Official · age_up imperial |
| 59:00 | DK | Good_luck · resign |
[ ANÁLISIS IA · 1 CRÉDITO ]
¿Qué pasó realmente en esta partida?
Wolo.gg analiza cada decisión: build order, eco, micro, errores típicos por bracket. Análisis personalizado por WhatsApp o Discord en 30 segundos.
Guía civ
Wu
Perfil
Jugador #689666